 Dungeon Crawl Stone Soup version 0.28-a0-643-g84cb2ea78e (webtiles) character file.

Game seed: 15442626954526160350

54 ytrimaz the Insei (level 3, -6/28 HPs)
             Began as a Demigod Transmuter on Oct 11, 2021.
             Mangled by Sigmund (11 damage)
             ... on level 2 of the Dungeon.
             The game lasted 00:03:45 (2207 turns).

ytrimaz the Insei (Demigod Transmuter)              Turns: 2207, Time: 00:03:46

Health: -6/28      AC:  2    Str: 11    XL:     3   Next: 44%
Magic:  15/18      EV: 19    Int: 19    God:
Gold:   72         SH:  0    Dex: 19    Spells: 2/6 levels left

rFire   . . .      SeeInvis .     - Unarmed
rCold   . . .      Faith    .   (shield currently unavailable)
rNeg    . . .      Spirit   .   (armour currently unavailable)
rPois   x          Reflect  .   (helmet currently unavailable)
rElec   .          Harm     .   (cloak currently unavailable)
rCorr   .          Rampage  .   (gloves currently unavailable)
Will    .....                   (boots currently unavailable)
Stlth   ++........              (no amulet)
HPRegen 0.09/turn               f - ring of magical power
MPRegen 0.16/turn               (no ring)

@: lethally poisoned (-6 -> -9), spider-form
A: venomous fangs, tiny, high mp 1, forlorn
a: End Transformation


You were on level 2 of the Dungeon.
You were a venomous arachnid creature.
You visited 1 branch of the dungeon, and saw 2 of its levels.

You collected 72 gold pieces.

Inventory:

Missiles
 h - 21 poisoned darts (quivered)
Armour
 a - a +0 robe (melded)
Jewellery
 f - a ring of magical power (left front leg)
 n - a ring of flight
Scrolls
 c - a scroll of blinking {unknown}
 d - a scroll of immolation {unknown}
 e - a scroll of identify {unknown}
 k - a scroll of fog {unknown}
Potions
 b - 2 potions of heal wounds {unknown}
 g - a potion of flight {unknown}
 i - a potion of curing {unknown}
 j - a potion of degeneration {unknown}
 l - a potion of experience {unknown}
 m - a potion of magic {unknown}


   Skills:
 + Level 1.0 Fighting
 + Level 0.1 Throwing
 + Level 2.1 Dodging
 + Level 3.4 Unarmed Combat
 + Level 2.4 Spellcasting
 - Level 1.7 Transmutations
 + Level 0.2 Poison Magic


You had 2 spell levels left.
You knew the following spells:

 Your Spells              Type           Power      Damage    Failure   Level
a - Beastly Appendage     Tmut           18%        N/A       21%         1
b - Spider Form           Tmut/Pois      3%         N/A       54%         3

Your spell library contained the following spells:

 Spells                   Type           Power      Damage    Failure   Level
 Wereblood                Tmut           9%         N/A       28%         2
 Ice Form                 Ice/Tmut       5%         N/A       88%         4


Dungeon Overview and Level Annotations

Branches:
Dungeon (2/15)

Shops:
D:1 :

Annotations:
D:2 Sigmund


Innate Abilities, Weirdness & Mutations

You are a venomous arachnid creature.
You have poisonous fangs.
You are tiny and dextrous.
Your spellcasting is less reliable in this form.
Your armour is entirely melded.
You are incapable of wielding weapons or throwing items.
Your attributes grow dramatically as you level up.
You have an increased reservoir of magic. (+10% MP)
You shall have no god before yourself.


Message History

You see here a worm corpse.
Found a stone staircase leading down.
A hobgoblin comes into view.
A hobgoblin is nearby!
A hobgoblin is nearby!
You closely miss the hobgoblin. The hobgoblin misses you.
You hit the hobgoblin but do no damage. The hobgoblin barely misses you.
You barely miss the hobgoblin. The hobgoblin misses you.
You hit the hobgoblin.
You kill the hobgoblin!
You see here a hobgoblin corpse.
n - a ring of flight A hobgoblin comes into view.
A hobgoblin is nearby!
A hobgoblin is nearby!
The hobgoblin shouts!
The hobgoblin barely misses you.
The hobgoblin hits you but does no damage.
You closely miss the hobgoblin. The hobgoblin hits you.
Sigmund the Dreaded comes into view.
He is wielding a +4 scythe of venom.
You closely miss the hobgoblin. The hobgoblin misses you.
You hit the hobgoblin. Your punch misses the hobgoblin.
The hobgoblin is severely wounded.
Sigmund hits you from afar with a +4 scythe of venom!
Ouch! That really hurt!
* * * LOW HITPOINT WARNING * * *
You are poisoned.
The hobgoblin closely misses you.
Casting: Spider Form (extremely dangerous; 32% risk of failure)
Confirm with . or Enter, or press ? or * to list all spells.
The spell is extremely dangerous to cast (32% risk of failure)!
Continue anyway?
You turn into a venomous arachnid creature.
Your +0 robe melds into your body.
* * * LOW HITPOINT WARNING * * *
You feel sick. The hobgoblin completely misses you.
Sigmund gestures wildly while chanting.
Sigmund flickers and vanishes!
Deactivating autopickup; reactivate with Ctrl-A.
You feel sick. The hobgoblin closely misses you. Something hits you!
You die...

######## #.. .......#
#.# .#####.# #.#
.#####.# #.# .†...#.#
#.# ####.#.# #.#######
...#.#.# #.#.....#
##.#.#.###.#.###.# #
##.#.#.........#s#.#.#
.....#####.#.#.#.g...#
..........>#.#.###{#.#
.....#######.# # ...
.....##... #.# ....
..<....... ... #.###
.....##... #.. ..
.....# .. .. .# .....#
.


You could see a hobgoblin.

Vanquished Creatures
  Terence (D:2)
  3 worms (D:2)
  A bat (D:2)
  3 endoplasms
  2 goblins (D:2)
  4 hobgoblins
  A quokka (D:1)
  3 ball pythons
  2 rats (D:1)
20 creatures vanquished.

Notes
Turn   | Place    | Note
-------+----------+-------------------------------------------
     0 | D:1      | ytrimaz the Demigod Transmuter began the quest for the Orb.
     0 | D:1      | Reached XP level 1. HP: 15/15 MP: 5/5
  1123 | D:1      | Found Ehoviann's Book Shop.
  1272 | D:2      | Noticed Terence
  1605 | D:2      | Reached XP level 2. HP: 22/22 MP: 7/7
  1638 | D:2      | Killed Terence
  1639 | D:2      | Reached skill level 3 in Unarmed Combat
  1639 | D:2      | Reached XP level 3. HP: 27/27 MP: 9/9
  1655 | D:2      | Learned a level 3 spell: Spider Form
  2040 | D:2      | Reached skill level 1 in Fighting
  2203 | D:2      | Noticed Sigmund
  2207 | D:2      | Mangled by Sigmund

Illustrated notes

Levels and vault maps discovered:
D:1:      dpeg_arrival_ternary, layout_basic,
          dilly_ecumenical_altar_fadedgnrine, serial_shops,
          nicolae_shop_behind_doors
D:2:      layout_basic, kennysheep_boxes, uniq_sigmund, uniq_terence

Skill      XL: |  1  2  3 |
---------------+----------+-----
Spellcasting   | 2 |  2.4
Dodging        | 2 |  2.1
Unarmed Combat | 3 |  3.4
Fighting       | 1 |  1.0
Throwing       | |  0.1
Transmutations | |  1.7
Poison Magic   | |  0.2

Action                   || total
-------------------------++-------
Melee: Unarmed           ||    73
       Kick              ||     2
       Headbutt          ||     1
Throw: Dart              ||     5
 Cast: Beastly Appendage ||     5
       Spider Form       ||     6
Armor: Robe              ||     7
Dodge: Dodged            ||    45

Table legend: (Time is in decaauts)
 A = Elapsed time spent in this place.
 B = Non-inter-level travel time spent in this place.
 C = Inter-level travel time spent in this place.
 D = Time resting spent in this place.
 E = Time spent auto-exploring this place.
 F = Levels seen in this place.
 G = Mean time per level.
                   A        B        C        D        E       F      G
               +--------+--------+--------+--------+--------+-----+--------+
         Total |   2205 |   2049 |    156 |    133 |   1553 |   2 | 1102.5 |
       Dungeon |   2205 |   2049 |    156 |    133 |   1553 |   2 | 1102.5 |
               +--------+--------+--------+--------+--------+-----+--------+

Top non-repeatable levels by time:
     D:1: 1497 daAuts
     D:2: 707 daAuts
